Map: Acropolis LE

Players

Zanster

  • Race: Zerg Zerg
  • Spawn Location: 11:00

HellraiseR - Winner!

  • Race: Protoss Protoss
  • Spawn Location: 5:00

Event: HomeStory Cup XX

VOD

Have the link to the VOD?

Description

Time

  • Played on: Nov. 22, 2019, 4:11 a.m.
  • Length: 7:06

All games in this series

Show
View Real Time Build Order
Export as new Build Order

Zanster Zerg 

Build Orders: Hatch First 

Get SALT Encoding   

  12  0:01  Drone  
  13  0:12  Overlord  
  13  0:17  Drone  
  14  0:31  Drone x2  
  16  0:48  Hatchery  
  15  0:51  Drone  
  15  0:54  Drone  
  17  0:57  Drone  
  18  1:09  Extractor  
  17  1:13  Spawning Pool  
  17  1:15  Drone  
  17  1:18  Drone  
  18  1:30  Drone  
  19  1:39  Drone  
  20  1:49  Drone  
  21  1:59  Queen  
  21  2:00  Queen, Overlord  
  25  2:02  Zergling x2  
  26  2:11  Zergling x2  
  26  2:13  Metabolic Boost, Drone  
  28  2:22  Drone x2  
  30  2:35  Hatchery  
  30  2:36  Drone  
  30  2:39  Drone  
  31  2:45  Drone  
  31  2:48  Queen  
  34  2:53  Overlord  
  34  2:58  Drone x2  
  36  3:06  Overlord  
  36  3:12  Drone x4  
  39  3:13  Drone  
  39  3:15  Drone  
  39  3:19  Drone  
  42  3:26  Queen  
  44  3:28  Drone  
  44  3:29  Drone  
  44  3:31  Overlord  
  46  3:34  Overlord  
  46  3:40  Drone  
  47  3:46  Spore Crawler, Queen  
  47  3:47  Overlord  
  48  3:49  Drone  
  48  3:52  Spore Crawler  
  48  3:53  Zergling x2  
  48  3:55  Zergling x2  
  50  3:59  Drone x2  
  50  4:00  Drone  
  50  4:02  Drone  
  54  4:05  Drone x2  
  54  4:07  Drone  
  57  4:10  Drone  
  57  4:12  Drone  
  57  4:14  Drone  
  60  4:19  Overlord  
  60  4:22  Spore Crawler  
  60  4:23  Zergling x2  
  60  4:25  Zergling x4  
  60  4:28  Drone x2  
  60  4:30  Drone  
  65  4:34  Drone  
  65  4:36  Lair  
  66  4:39  Drone  
  66  4:40  Drone, Roach Warren  
  66  4:42  Drone  
  66  4:44  Overlord  
  68  4:48  Drone  
  68  4:49  Drone  
  68  4:50  Drone  
  68  4:51  Drone x2  
  73  4:56  Overlord  
  74  5:00  Drone  
  74  5:01  Extractor, Overlord  
  74  5:02  Extractor  
  74  5:03  Extractor  
  74  5:04  Drone  
  74  5:05  Evolution Chamber  
  71  5:07  Drone  
  71  5:08  Overlord  
  71  5:10  Overlord  
  72  5:20  Overlord  
  71  5:22  Roach  
  71  5:23  Roach x7  
  87  5:29  Extractor  
  87  5:31  Roach  
  87  5:32  Roach  
  87  5:35  Overlord  
  90  5:41  Drone  
  90  5:48  Drone  
  91  5:53  Drone x2  
  91  5:54  Drone x2  
  91  5:55  Drone  
  96  5:58  Overlord  
  96  6:00  Overlord  
  96  6:01  Overlord  
  96  6:06  Overlord  
  96  6:07  Hatchery, Drone  
  96  6:10  Drone x2  
  98  6:11  Hydralisk Den  
  98  6:12  Extractor, Overseer  
  98  6:16  Roach x2  
  98  6:17  Roach  
  102  6:19  Drone x2  
  102  6:20  Drone x2  
  106  6:28  Roach  
  106  6:29  Overlord  
  106  6:31  Roach  
  109  6:38  Roach  
  109  6:39  Roach x3  
Show
View Real Time Build Order
Export as new Build Order

HellraiseR Protoss - Winner!

Build Orders: 1 Gate Expand, Oracle Opening, Phoenix Opening, Zealot Archon, Archon Drop 

Get SALT Encoding   

  12  0:00  Probe  
  13  0:12  Probe  
  14  0:20  Pylon  
  14  0:24  Probe  
  15  0:34  Probe  
  15  0:38  Gateway  
  15  0:42  Probe  
  17  0:50  Assimilator  
  17  0:53  Probe  
  18  1:05  Probe  
  19  1:21  Nexus  
  19  1:24  Probe  
  20  1:35  Cybernetics Core  
  20  1:37  Probe  
  21  1:44  Assimilator  
  21  1:49  Probe  
  21  1:52  Pylon  
  22  2:00  Probe  
  23  2:01  Adept  
  23  2:09  Probe  
  26  2:17  Probe  
  26  2:19  Stargate  
  27  2:27  Probe  
  27  2:28  Warp Gate  
  28  2:30  Probe  
  28  2:35  Adept  
  31  2:38  Probe  
  31  2:39  Probe  
  33  2:48  Probe  
  34  2:51  Probe  
  35  3:00  Probe, Gateway  
  35  3:01  Phoenix  
  35  3:03  Probe  
  39  3:13  Probe  
  39  3:15  Oracle  
  39  3:17  Gateway  
  39  3:18  Probe  
  41  3:26  Probe  
  45  3:27  Pylon  
  45  3:30  Probe  
  45  3:33  Assimilator  
  46  3:35  Assimilator  
  46  3:45  Probe x2  
  46  3:47  Robotics Facility  
  48  3:56  Twilight Council  
  48  3:57  Probe x2  
  50  4:04  Pylon  
  50  4:09  Probe  
  51  4:11  Probe  
  51  4:12  Gateway  
  51  4:13  Gateway  
  52  4:21  Charge, Probe  
  52  4:23  Probe  
  54  4:25  Warp Prism  
  54  4:34  Templar Archives  
  56  4:40  Gateway  
  56  4:44  Gateway  
  56  4:50  Zealot  
  58  4:54  Probe x2  
  60  5:01  Pylon  
  60  5:07  Nexus  
  60  5:11  Probe x2  
  62  5:24  Pylon, High Templar x4  
  62  5:28  Pylon, Archon x2  
  70  5:34  Pylon, Forge  
  72  5:42  Probe x2  
  72  5:47  Zealot x2  
  76  5:54  Probe x2  
  78  5:59  Zealot x3  
  78  6:00  Zealot  
  86  6:08  Immortal  
  86  6:09  Zealot x2  
  94  6:24  Probe  
  94  6:25  Zealot  
  97  6:36  Probe  
  100  6:40  Zealot x4  
  100  6:44  Pylon x2  
  108  6:49  Probe, Gateway  
  108  6:50  Probe  
  108  6:51  Probe  
  108  6:52  Gateway  
Tags
 
Add a new tag
Caveats
  • Supply blocks, unpowered buildings, or Contaminate may cause inaccurate times.
  • Supply counts are checked every 10 seconds.